General information
- name: BNet
- type: Ladder team game (AT/RT)
- host: Battle.net
- saver: MisterFrosty
map: UpperKingdom
- players: 6
- length: 329:56
- speed: Fast
- version: 1.21 W3XP
- replay type: Public
» download(1512 KB)
Players
team 1 (winner)
MisterFrosty (
teal | 21 APM | 7005 actions | 329:56)
8 Blademaster
3 Wind Walk
3 Critical Strike
1 Bladestorm
1 Mirror Image
1 Blood Mage
1 Banish
» actions
| Assign group hotkey | 69 | |
| Basic commands | 188 | |
| Build / train | 124 | |
| ESC pressed | 14 | |
| Enter build submenu | 159 | |
| Enter hero's abilities submenu | 9 | |
| Give item / drop item | 16 | |
| Right click | 3207 | |
| Select / deselect | 1333 | |
| Select group hotkey | 1205 | |
| Use ability | 681 | |
7005 total
» units
» upgrades
| Spiked Barricades | 3 | |
| Ranged Weapons | 3 | |
| Armor | 3 | |
| Liquid Fire | 1 | |
| Reinforced Defenses | 1 | |
| Troll Regeneration | 1 | |
12 total
» buildings
| Altar of Storms | 1 | |
| Orc Burrow | 5 | |
| War Mill | 2 | |
| Watch Tower | 141 | |
| Voodoo Lounge | 1 | |
| Stronghold | 1 | |
| Fortress | 1 | |
| Beastiary | 2 | |
| Barracks | 1 | |
| Great Hall | 1 | |
156 total
» build order
00:07 Altar of Storms
00:17 Orc Burrow
00:27 War Mill
01:39 Watch Tower
01:57 Watch Tower
02:19 Orc Burrow
02:33 Voodoo Lounge
02:46 Watch Tower
03:03 Watch Tower
04:06 Watch Tower
04:07 Watch Tower
04:53 Stronghold
04:56 Watch Tower
05:11 Watch Tower
05:13 Watch Tower
05:20 Orc Burrow
06:03 Watch Tower
06:19 Watch Tower
06:20 Watch Tower
06:21 Watch Tower
06:23 Watch Tower
07:03 Watch Tower
07:28 Watch Tower
07:32 Fortress
07:38 Beastiary
07:46 Beastiary
08:15 Watch Tower
08:36 Watch Tower
09:31 Watch Tower
09:34 Watch Tower
12:31 Orc Burrow
13:53 Barracks
17:47 Watch Tower
17:48 Watch Tower
51:02 Orc Burrow
64:16 Watch Tower
64:17 Watch Tower
64:18 Watch Tower
64:19 Watch Tower
64:20 Watch Tower
64:23 Watch Tower
64:27 Watch Tower
65:46 Watch Tower
65:47 Watch Tower
65:48 Watch Tower
65:49 Watch Tower
65:50 Watch Tower
65:51 Watch Tower
65:52 Watch Tower
67:02 Watch Tower
67:03 Watch Tower
67:07 Watch Tower
67:12 Watch Tower
67:13 Watch Tower
67:15 Watch Tower
67:41 Watch Tower
67:52 Watch Tower
68:29 Watch Tower
68:30 Watch Tower
68:37 Watch Tower
68:38 Watch Tower
69:17 Watch Tower
69:18 Watch Tower
69:19 Watch Tower
69:48 Watch Tower
69:49 Watch Tower
69:50 Watch Tower
70:53 Great Hall
71:24 Watch Tower
71:25 Watch Tower
71:26 Watch Tower
71:30 Watch Tower
72:41 Watch Tower
72:43 Watch Tower
72:44 Watch Tower
72:46 Watch Tower
74:00 Watch Tower
74:01 Watch Tower
74:02 Watch Tower
74:03 Watch Tower
75:28 Watch Tower
75:30 Watch Tower
75:33 Watch Tower
75:34 Watch Tower
75:36 Watch Tower
78:09 Watch Tower
78:10 Watch Tower
78:12 Watch Tower
78:13 Watch Tower
78:14 Watch Tower
91:00 Watch Tower
91:12 Watch Tower
91:15 Watch Tower
91:17 Watch Tower
91:20 Watch Tower
91:29 Watch Tower
91:31 Watch Tower
91:33 Watch Tower
97:41 Watch Tower
98:24 Watch Tower
98:29 Watch Tower
98:51 Watch Tower
98:54 Watch Tower
99:01 Watch Tower
100:15 Watch Tower
101:34 Watch Tower
101:35 Watch Tower
102:18 Watch Tower
102:29 Watch Tower
102:57 Watch Tower
105:50 War Mill
110:53 Watch Tower
110:57 Watch Tower
111:00 Watch Tower
111:06 Watch Tower
111:12 Watch Tower
111:16 Watch Tower
111:21 Watch Tower
111:26 Watch Tower
111:29 Watch Tower
112:07 Watch Tower
112:12 Watch Tower
112:17 Watch Tower
112:18 Watch Tower
112:19 Watch Tower
112:40 Watch Tower
112:48 Watch Tower
112:50 Watch Tower
112:53 Watch Tower
112:55 Watch Tower
113:17 Watch Tower
113:18 Watch Tower
113:28 Watch Tower
113:31 Watch Tower
114:07 Watch Tower
114:08 Watch Tower
114:10 Watch Tower
114:13 Watch Tower
114:16 Watch Tower
114:25 Watch Tower
114:26 Watch Tower
115:03 Watch Tower
115:05 Watch Tower
115:06 Watch Tower
115:12 Watch Tower
115:51 Watch Tower
115:55 Watch Tower
115:58 Watch Tower
116:03 Watch Tower
116:10 Watch Tower
116:14 Watch Tower
116:18 Watch Tower
116:45 Watch Tower
116:47 Watch Tower
116:47 Watch Tower
117:21 Watch Tower
» items
| Lesser Clarity Potion | 10 | |
| Healing Salve | 5 | |
| Orb of Lightning | 1 | |
| Potion of Mana | 8 | |
| Potion of Healing | 4 | |
| Tiny Great Hall | 3 | |
| Scroll of Speed | 2 | |
| Scroll of Town Portal | 8 | |
41 total
MrFrosty (
yellow | 52 APM | 17066 actions | 329:53)
6 Archmage
3 Blizzard
2 Brilliance Aura
1 Mass Teleport
5 Blood Mage
3 Flame Strike
2 Banish
6 Mountain King
3 Storm Bolt
2 Bash
1 Avatar
» actions
| Assign group hotkey | 97 | |
| Basic commands | 146 | |
| Build / train | 202 | |
| ESC pressed | 4 | |
| Enter build submenu | 111 | |
| Enter hero's abilities submenu | 17 | |
| Give item / drop item | 20 | |
| Remove unit from queue | 8 | |
| Right click | 8696 | |
| Select / deselect | 2939 | |
| Select group hotkey | 3675 | |
| Use ability | 1148 | |
17066 total
» units
| Peasant | 25 | |
| Sorceress | 11 | |
| Priest | 10 | |
| Magnataur Warrior | 1 | |
| Dragonhawk Rider | 11 | |
58 total
» upgrades
| Masonry | 3 | |
| Lumber Harvesting | 2 | |
| Magic Sentry | 1 | |
| Sorceress Training | 2 | |
| Priest Training | 2 | |
| Animal War Training | 1 | |
| Armor | 3 | |
| Swords | 3 | |
| Cloud | 1 | |
| Backpack | 1 | |
19 total
» buildings
| Altar of Kings | 2 | |
| Farm | 30 | |
| Scout Tower | 146 | |
| Arcane Tower | 16 | |
| Lumber Mill | 1 | |
| Guard Tower | 49 | |
| Keep | 1 | |
| Arcane Sanctum | 1 | |
| Castle | 1 | |
| Arcane Vault | 2 | |
| Town Hall | 3 | |
| Barracks | 2 | |
| Blacksmith | 1 | |
| Gryphon Aviary | 2 | |
257 total
» build order
00:06 Altar of Kings
00:19 Farm
00:23 Scout Tower
00:51 Arcane Tower
01:22 Farm
01:42 Lumber Mill
01:48 Scout Tower
02:14 Scout Tower
02:18 Scout Tower
02:19 Arcane Tower
02:58 Scout Tower
03:01 Guard Tower
04:02 Scout Tower
04:03 Scout Tower
04:05 Keep
04:32 Farm
04:33 Farm
05:07 Arcane Tower
05:08 Guard Tower
05:10 Scout Tower
05:11 Scout Tower
05:54 Guard Tower
06:15 Guard Tower
06:43 Arcane Sanctum
07:33 Scout Tower
08:32 Arcane Tower
08:38 Scout Tower
08:38 Scout Tower
08:39 Scout Tower
08:40 Scout Tower
09:12 Guard Tower
09:14 Arcane Tower
09:15 Guard Tower
10:36 Guard Tower
10:39 Scout Tower
10:39 Scout Tower
10:40 Scout Tower
10:43 Scout Tower
10:44 Scout Tower
10:45 Scout Tower
11:18 Guard Tower
11:23 Guard Tower
11:34 Guard Tower
11:46 Farm
12:24 Scout Tower
12:25 Scout Tower
12:26 Scout Tower
12:27 Scout Tower
12:56 Scout Tower
13:48 Scout Tower
13:49 Scout Tower
14:12 Scout Tower
14:15 Scout Tower
14:16 Guard Tower
14:29 Scout Tower
14:42 Guard Tower
14:45 Arcane Tower
14:47 Guard Tower
14:49 Scout Tower
14:50 Scout Tower
14:50 Scout Tower
14:57 Castle
15:21 Guard Tower
16:02 Guard Tower
16:24 Arcane Vault
16:31 Town Hall
17:15 Scout Tower
17:16 Scout Tower
17:17 Scout Tower
17:17 Scout Tower
17:24 Scout Tower
17:24 Scout Tower
17:25 Scout Tower
19:27 Guard Tower
19:32 Scout Tower
19:32 Scout Tower
19:33 Scout Tower
19:34 Scout Tower
19:34 Scout Tower
19:34 Scout Tower
20:04 Arcane Tower
20:15 Guard Tower
21:20 Guard Tower
23:05 Scout Tower
23:06 Scout Tower
23:07 Scout Tower
23:14 Scout Tower
23:14 Scout Tower
23:44 Guard Tower
23:46 Scout Tower
23:47 Scout Tower
23:48 Scout Tower
23:48 Scout Tower
24:20 Guard Tower
25:14 Scout Tower
25:15 Scout Tower
25:16 Scout Tower
25:16 Scout Tower
25:45 Guard Tower
25:57 Guard Tower
26:12 Arcane Tower
27:05 Scout Tower
27:05 Scout Tower
27:10 Scout Tower
27:10 Scout Tower
27:11 Scout Tower
27:11 Scout Tower
27:12 Scout Tower
27:12 Scout Tower
27:14 Scout Tower
27:15 Scout Tower
27:15 Scout Tower
28:11 Guard Tower
28:15 Scout Tower
28:16 Scout Tower
28:16 Scout Tower
28:23 Guard Tower
28:29 Arcane Tower
28:31 Guard Tower
28:33 Guard Tower
28:36 Scout Tower
28:36 Scout Tower
28:39 Scout Tower
28:39 Scout Tower
28:52 Guard Tower
33:51 Scout Tower
33:51 Scout Tower
33:52 Scout Tower
33:52 Scout Tower
33:53 Scout Tower
33:54 Scout Tower
33:56 Town Hall
34:28 Arcane Tower
34:31 Guard Tower
34:52 Guard Tower
34:53 Guard Tower
37:34 Scout Tower
37:34 Scout Tower
37:35 Scout Tower
37:36 Scout Tower
37:37 Scout Tower
38:21 Guard Tower
38:27 Guard Tower
38:34 Guard Tower
39:26 Guard Tower
40:59 Scout Tower
41:00 Scout Tower
41:01 Scout Tower
41:03 Scout Tower
41:04 Scout Tower
41:04 Scout Tower
53:00 Scout Tower
53:01 Scout Tower
53:02 Scout Tower
53:02 Scout Tower
53:03 Scout Tower
53:47 Arcane Tower
53:56 Guard Tower
54:17 Scout Tower
54:18 Scout Tower
54:20 Scout Tower
54:21 Scout Tower
54:21 Scout Tower
54:22 Scout Tower
55:37 Guard Tower
55:51 Scout Tower
55:52 Scout Tower
55:53 Scout Tower
55:53 Scout Tower
55:54 Scout Tower
55:55 Scout Tower
55:57 Scout Tower
55:58 Scout Tower
55:59 Scout Tower
56:00 Scout Tower
56:00 Scout Tower
56:02 Scout Tower
56:20 Guard Tower
56:23 Guard Tower
56:59 Guard Tower
58:31 Guard Tower
58:34 Scout Tower
58:34 Scout Tower
58:36 Scout Tower
58:36 Scout Tower
58:36 Scout Tower
58:37 Scout Tower
59:09 Guard Tower
59:13 Town Hall
59:21 Scout Tower
59:22 Scout Tower
59:23 Scout Tower
59:26 Scout Tower
59:27 Scout Tower
59:27 Scout Tower
59:28 Scout Tower
59:29 Scout Tower
59:29 Scout Tower
59:30 Scout Tower
59:31 Scout Tower
59:32 Scout Tower
59:33 Guard Tower
59:55 Arcane Tower
59:56 Guard Tower
60:13 Guard Tower
60:16 Guard Tower
60:22 Guard Tower
60:32 Scout Tower
60:36 Scout Tower
60:37 Scout Tower
60:38 Scout Tower
60:42 Scout Tower
60:43 Scout Tower
60:45 Scout Tower
61:13 Guard Tower
61:23 Guard Tower
62:09 Arcane Tower
62:11 Guard Tower
84:07 Scout Tower
85:21 Arcane Tower
96:15 Barracks
96:17 Blacksmith
96:20 Barracks
96:27 Gryphon Aviary
96:32 Gryphon Aviary
102:06 Farm
102:08 Farm
102:09 Farm
102:09 Farm
102:10 Farm
102:11 Farm
102:11 Farm
107:26 Farm
112:53 Farm
112:54 Farm
113:33 Farm
142:59 Scout Tower
143:12 Scout Tower
143:46 Arcane Tower
144:31 Scout Tower
145:18 Arcane Tower
236:11 Farm
236:16 Farm
236:18 Farm
275:19 Altar of Kings
275:24 Farm
275:24 Farm
275:29 Farm
275:38 Farm
275:48 Farm
275:49 Farm
275:52 Farm
275:53 Farm
276:11 Farm
276:13 Farm
300:12 Farm
302:26 Arcane Vault
» items
| Scroll of Town Portal | 19 | |
| Staff of Sanctuary | 3 | |
| Orb of Lightning | 3 | |
| Potion of Healing | 1 | |
| Orb of Fire | 1 | |
| Mechanical Critter | 3 | |
30 total
MrsFrosty (
green | 86 APM | 12140 actions | 140:49)
6 Archmage
3 Blizzard
2 Brilliance Aura
1 Mass Teleport
5 Blood Mage
3 Flame Strike
1 Banish
1 Summon Phoenix
5 Dark Ranger
3 Silence
2 Life Drain
» actions
| Assign group hotkey | 23 | |
| Basic commands | 251 | |
| Build / train | 266 | |
| ESC pressed | 24 | |
| Enter build submenu | 141 | |
| Enter hero's abilities submenu | 16 | |
| Give item / drop item | 19 | |
| Right click | 5288 | |
| Select / deselect | 1056 | |
| Select group hotkey | 4225 | |
| Use ability | 830 | |
12140 total
» units
| Peasant | 41 | |
| Priest | 7 | |
| Sorceress | 8 | |
56 total
» upgrades
| Masonry | 3 | |
| Lumber Harvesting | 2 | |
| Magic Sentry | 1 | |
| Sorceress Training | 2 | |
| Priest Training | 2 | |
10 total
» buildings
| Altar of Kings | 4 | |
| Lumber Mill | 1 | |
| Farm | 9 | |
| Scout Tower | 171 | |
| Arcane Tower | 6 | |
| Guard Tower | 103 | |
| Keep | 5 | |
| Arcane Sanctum | 1 | |
| Castle | 2 | |
| Arcane Vault | 1 | |
| Town Hall | 5 | |
308 total
» build order
00:07 Altar of Kings
00:13 Lumber Mill
00:21 Farm
00:53 Scout Tower
00:55 Farm
01:17 Farm
01:42 Arcane Tower
01:49 Scout Tower
02:06 Scout Tower
02:24 Guard Tower
02:26 Scout Tower
02:50 Scout Tower
02:51 Scout Tower
02:52 Guard Tower
02:53 Guard Tower
03:36 Guard Tower
03:48 Scout Tower
03:48 Scout Tower
04:15 Guard Tower
04:19 Scout Tower
04:19 Scout Tower
04:28 Keep
04:28 Keep
04:28 Keep
04:38 Guard Tower
04:41 Scout Tower
04:45 Scout Tower
04:51 Scout Tower
04:55 Guard Tower
04:55 Guard Tower
04:58 Scout Tower
05:11 Scout Tower
05:39 Guard Tower
05:39 Guard Tower
05:54 Scout Tower
06:02 Scout Tower
06:03 Scout Tower
06:06 Guard Tower
06:12 Guard Tower
06:42 Guard Tower
06:42 Guard Tower
06:55 Arcane Sanctum
06:58 Guard Tower
06:58 Guard Tower
07:58 Farm
08:00 Farm
08:45 Castle
09:55 Scout Tower
09:56 Scout Tower
09:57 Scout Tower
10:03 Scout Tower
10:05 Scout Tower
10:06 Scout Tower
10:08 Scout Tower
10:08 Scout Tower
10:16 Farm
10:17 Farm
11:32 Scout Tower
11:33 Scout Tower
11:34 Scout Tower
11:35 Scout Tower
11:37 Scout Tower
11:38 Scout Tower
11:42 Guard Tower
11:42 Guard Tower
12:49 Arcane Vault
12:52 Guard Tower
12:52 Guard Tower
13:06 Guard Tower
13:07 Guard Tower
13:31 Arcane Tower
13:32 Arcane Tower
13:48 Scout Tower
13:49 Scout Tower
13:51 Scout Tower
13:54 Guard Tower
13:54 Guard Tower
13:55 Guard Tower
14:44 Scout Tower
14:45 Scout Tower
14:46 Guard Tower
14:46 Guard Tower
14:48 Scout Tower
14:51 Scout Tower
14:52 Scout Tower
16:44 Guard Tower
16:44 Guard Tower
18:36 Scout Tower
18:36 Scout Tower
19:59 Scout Tower
20:00 Scout Tower
20:01 Scout Tower
20:01 Scout Tower
20:02 Scout Tower
20:04 Guard Tower
20:04 Guard Tower
20:31 Town Hall
20:45 Guard Tower
20:46 Guard Tower
21:36 Scout Tower
21:37 Scout Tower
21:38 Scout Tower
21:38 Scout Tower
21:40 Scout Tower
23:46 Guard Tower
25:03 Scout Tower
25:03 Scout Tower
29:21 Scout Tower
29:22 Scout Tower
29:23 Guard Tower
29:23 Guard Tower
30:35 Guard Tower
30:38 Scout Tower
30:39 Scout Tower
30:39 Scout Tower
30:39 Scout Tower
30:39 Scout Tower
31:00 Scout Tower
31:00 Scout Tower
31:00 Scout Tower
31:01 Scout Tower
31:01 Scout Tower
32:50 Town Hall
32:51 Scout Tower
32:51 Scout Tower
32:52 Scout Tower
32:52 Scout Tower
32:52 Scout Tower
32:53 Scout Tower
32:53 Scout Tower
34:26 Guard Tower
34:26 Guard Tower
34:26 Guard Tower
36:02 Scout Tower
36:03 Scout Tower
36:04 Scout Tower
36:04 Scout Tower
36:05 Scout Tower
36:06 Scout Tower
36:08 Scout Tower
36:20 Scout Tower
36:21 Scout Tower
36:22 Scout Tower
36:22 Scout Tower
36:59 Guard Tower
37:32 Guard Tower
37:33 Scout Tower
37:34 Scout Tower
38:08 Scout Tower
39:05 Scout Tower
39:06 Scout Tower
39:06 Scout Tower
39:07 Scout Tower
39:08 Scout Tower
39:09 Scout Tower
39:10 Scout Tower
39:58 Guard Tower
39:59 Guard Tower
40:01 Scout Tower
40:01 Scout Tower
40:02 Scout Tower
40:02 Scout Tower
40:03 Scout Tower
40:04 Scout Tower
40:05 Guard Tower
40:05 Guard Tower
40:18 Scout Tower
40:19 Scout Tower
40:20 Scout Tower
40:21 Scout Tower
40:22 Scout Tower
40:23 Scout Tower
40:23 Scout Tower
40:24 Scout Tower
40:25 Scout Tower
40:25 Scout Tower
40:57 Guard Tower
40:57 Guard Tower
41:14 Guard Tower
41:14 Guard Tower
43:34 Scout Tower
43:34 Scout Tower
43:36 Scout Tower
43:37 Scout Tower
43:39 Scout Tower
43:39 Scout Tower
43:40 Scout Tower
43:41 Scout Tower
43:41 Scout Tower
43:42 Scout Tower
43:42 Scout Tower
43:42 Scout Tower
43:43 Scout Tower
44:05 Guard Tower
44:07 Scout Tower
44:08 Scout Tower
44:36 Guard Tower
45:01 Guard Tower
45:02 Guard Tower
45:03 Guard Tower
45:04 Guard Tower
48:52 Scout Tower
48:52 Scout Tower
49:26 Scout Tower
49:27 Guard Tower
49:27 Guard Tower
50:08 Guard Tower
50:09 Guard Tower
50:10 Scout Tower
50:11 Scout Tower
50:11 Scout Tower
50:12 Scout Tower
51:00 Guard Tower
51:00 Guard Tower
51:02 Scout Tower
51:03 Scout Tower
51:10 Scout Tower
51:11 Scout Tower
51:12 Scout Tower
51:13 Scout Tower
51:15 Scout Tower
51:37 Guard Tower
51:38 Guard Tower
51:38 Guard Tower
51:45 Guard Tower
51:45 Guard Tower
51:47 Scout Tower
51:47 Scout Tower
51:48 Scout Tower
51:52 Town Hall
51:56 Town Hall
52:00 Scout Tower
52:02 Scout Tower
52:09 Scout Tower
52:11 Scout Tower
52:12 Scout Tower
52:13 Scout Tower
52:16 Scout Tower
52:17 Scout Tower
52:18 Scout Tower
52:18 Scout Tower
52:19 Scout Tower
52:19 Scout Tower
52:20 Scout Tower
52:20 Scout Tower
52:21 Scout Tower
52:23 Guard Tower
52:23 Guard Tower
53:31 Guard Tower
53:32 Guard Tower
54:02 Guard Tower
54:02 Guard Tower
59:26 Town Hall
63:17 Guard Tower
63:17 Guard Tower
107:23 Scout Tower
110:55 Scout Tower
110:55 Scout Tower
110:57 Scout Tower
110:59 Scout Tower
111:01 Scout Tower
111:05 Scout Tower
111:06 Scout Tower
113:46 Arcane Tower
113:47 Arcane Tower
130:13 Altar of Kings
130:28 Altar of Kings
131:24 Altar of Kings
138:49 Farm
138:58 Farm
» items
| Lesser Clarity Potion | 3 | |
| Scroll of Speed | 4 | |
| Healing Salve | 1 | |
| Potion of Mana | 2 | |
| Staff of Sanctuary | 3 | |
| Orb of Fire | 2 | |
| Scroll of Town Portal | 33 | |
| Orb of Lightning | 3 | |
| Tiny Great Hall | 2 | |
| Potion of Healing | 1 | |
| Mechanical Critter | 2 | |
56 total
team 2 (loser)
jhgfdghjk (
pink | 103 APM | 20775 actions | 201:18)
9 Blademaster
3 Wind Walk
3 Critical Strike
1 Bladestorm
2 Mirror Image
6 Tauren Chieftain
3 War Stomp
2 Endurance Aura
1 Reincarnation
8 Shadow Hunter
3 Hex
3 Healing Wave
1 Big Bad Voodoo
1 Serpent Ward
1 Lich
1 Dark Ritual
» actions
| Assign group hotkey | 114 | |
| Basic commands | 754 | |
| Build / train | 234 | |
| Enter build submenu | 77 | |
| Enter hero's abilities submenu | 25 | |
| Give item / drop item | 14 | |
| Remove unit from queue | 9 | |
| Right click | 9601 | |
| Select / deselect | 2302 | |
| Select group hotkey | 6748 | |
| Use ability | 897 | |
20775 total
» units
| Peon | 73 | |
| Grunt | 7 | |
| Raider | 38 | |
| Spirit Walker | 7 | |
| Troll Batrider | 7 | |
| Kodo Beast | 1 | |
| Troll Witch Doctor | 24 | |
| Demolisher | 7 | |
164 total
» upgrades
| Ensnare | 1 | |
| Berserker Strength | 1 | |
| Spirit Walker Training | 1 | |
| Reinforced Defenses | 1 | |
| Burning Oil | 1 | |
| Ranged Weapons | 1 | |
| Witch Doctor Training | 2 | |
| Armor | 1 | |
| Pillage | 1 | |
| Backpack | 1 | |
| Berserker Upgrade | 1 | |
| Troll Regeneration | 1 | |
| Envenomed Spears | 1 | |
| Liquid Fire | 1 | |
| War Drums Damage Increase | 1 | |
16 total
» buildings
| Altar of Storms | 1 | |
| Orc Burrow | 6 | |
| Barracks | 1 | |
| Voodoo Lounge | 6 | |
| Stronghold | 1 | |
| War Mill | 1 | |
| Beastiary | 3 | |
| Spirit Lodge | 3 | |
| Great Hall | 8 | |
| Watch Tower | 36 | |
| Fortress | 1 | |
67 total
» build order
00:08 Altar of Storms
00:19 Orc Burrow
00:40 Barracks
01:32 Orc Burrow
01:58 Voodoo Lounge
03:17 Stronghold
03:45 Orc Burrow
04:12 War Mill
04:35 Orc Burrow
06:08 Beastiary
06:12 Spirit Lodge
07:40 Spirit Lodge
08:33 Spirit Lodge
09:56 Great Hall
10:10 Watch Tower
10:31 Watch Tower
11:41 Watch Tower
14:18 Watch Tower
14:21 Watch Tower
14:49 Watch Tower
14:59 Orc Burrow
16:55 Watch Tower
19:53 Great Hall
20:04 Fortress
21:58 Watch Tower
25:26 Beastiary
28:24 Orc Burrow
30:25 Watch Tower
31:21 Great Hall
31:34 Watch Tower
32:50 Watch Tower
32:51 Watch Tower
32:53 Watch Tower
34:16 Great Hall
34:27 Watch Tower
35:17 Watch Tower
38:35 Watch Tower
43:52 Watch Tower
44:16 Watch Tower
44:19 Watch Tower
46:08 Great Hall
51:17 Watch Tower
52:12 Watch Tower
52:14 Watch Tower
53:32 Watch Tower
53:34 Watch Tower
55:45 Great Hall
55:48 Watch Tower
55:49 Watch Tower
56:26 Watch Tower
58:06 Watch Tower
61:19 Great Hall
84:09 Voodoo Lounge
87:58 Great Hall
94:36 Watch Tower
94:39 Watch Tower
94:47 Watch Tower
97:05 Watch Tower
97:22 Watch Tower
105:56 Watch Tower
107:04 Watch Tower
110:57 Watch Tower
111:54 Voodoo Lounge
113:40 Voodoo Lounge
115:06 Beastiary
121:45 Voodoo Lounge
126:27 Voodoo Lounge
» items
| Healing Salve | 1 | |
| Lesser Clarity Potion | 3 | |
| Scroll of Speed | 1 | |
| Scroll of Town Portal | 5 | |
| Orb of Lightning | 2 | |
| Potion of Healing | 2 | |
| Tiny Great Hall | 3 | |
| Orb of Corruption | 1 | |
| Scroll of Healing | 1 | |
19 total
Legendzorro (
orange | 167 APM | 24716 actions | 147:35)
9 Death Knight
3 Death Coil
3 Unholy Aura
1 Animate Dead
2 Death Pact
8 Lich
3 Frost Nova
3 Frost Armor
1 Death and Decay
1 Dark Ritual
6 Crypt Lord
3 Impale
2 Spiked Carapace
1 Locust Swarm
» actions
| Assign group hotkey | 59 | |
| Basic commands | 2231 | |
| Build / train | 254 | |
| ESC pressed | 3 | |
| Enter build submenu | 67 | |
| Enter hero's abilities submenu | 25 | |
| Give item / drop item | 7 | |
| Remove unit from queue | 7 | |
| Right click | 6376 | |
| Select / deselect | 2174 | |
| Select group hotkey | 12957 | |
| Use ability | 556 | |
24716 total
» units
| Acolyte | 76 | |
| Ghoul | 10 | |
| Crypt Fiend | 21 | |
| Obsidian Statue | 14 | |
| Meatwagon | 5 | |
| Abomination | 5 | |
| Frost Wyrm | 11 | |
142 total
» upgrades
| Creature Attack | 3 | |
| Web | 1 | |
| Creature Carapace | 3 | |
| Destroyer Form | 1 | |
| Unholy Armor | 2 | |
| Disease Cloud | 1 | |
| Unholy Strength | 1 | |
| Backpack | 1 | |
| Freezing Breath | 1 | |
| Ghoul Frenzy | 1 | |
15 total
» buildings
| Graveyard | 3 | |
| Crypt | 3 | |
| Altar of Darkness | 2 | |
| Ziggurat | 30 | |
| Tomb of Relics | 2 | |
| Nerubian Tower | 13 | |
| Halls of the Dead | 7 | |
| Black Citadel | 3 | |
| Slaughterhouse | 3 | |
| Spirit Tower | 8 | |
| Sacrificial Pit | 2 | |
| Boneyard | 4 | |
| Necropolis | 3 | |
83 total
» build order
00:06 Graveyard
00:08 Crypt
00:41 Altar of Darkness
00:55 Ziggurat
01:29 Tomb of Relics
01:58 Ziggurat
03:13 Nerubian Tower
03:13 Nerubian Tower
03:13 Nerubian Tower
03:13 Nerubian Tower
05:15 Halls of the Dead
05:16 Halls of the Dead
05:16 Halls of the Dead
05:52 Ziggurat
07:32 Ziggurat
08:24 Black Citadel
08:48 Slaughterhouse
09:27 Ziggurat
10:09 Nerubian Tower
10:09 Nerubian Tower
10:11 Spirit Tower
10:11 Spirit Tower
12:00 Ziggurat
14:57 Ziggurat
15:16 Spirit Tower
15:19 Ziggurat
20:13 Slaughterhouse
23:12 Spirit Tower
28:25 Ziggurat
31:28 Sacrificial Pit
32:47 Boneyard
33:23 Boneyard
38:31 Ziggurat
53:14 Ziggurat
53:15 Ziggurat
54:13 Nerubian Tower
54:14 Spirit Tower
54:15 Ziggurat
56:27 Ziggurat
56:28 Ziggurat
64:00 Ziggurat
64:02 Ziggurat
64:59 Nerubian Tower
65:00 Spirit Tower
66:54 Necropolis
69:28 Ziggurat
69:49 Ziggurat
69:51 Ziggurat
70:25 Nerubian Tower
70:37 Ziggurat
74:06 Crypt
74:07 Halls of the Dead
74:08 Halls of the Dead
74:12 Graveyard
77:28 Ziggurat
77:29 Ziggurat
79:14 Nerubian Tower
79:20 Crypt
79:24 Graveyard
81:22 Necropolis
81:36 Slaughterhouse
83:16 Tomb of Relics
83:35 Altar of Darkness
84:40 Black Citadel
84:40 Black Citadel
87:51 Sacrificial Pit
88:46 Boneyard
88:50 Boneyard
89:07 Ziggurat
89:13 Ziggurat
92:23 Ziggurat
94:34 Ziggurat
94:38 Ziggurat
101:50 Ziggurat
106:22 Spirit Tower
106:30 Necropolis
127:27 Ziggurat
» items
| Rod of Necromancy | 6 | |
| Dust of Appearance | 1 | |
| Scroll of Town Portal | 2 | |
| Lesser Clarity Potion | 10 | |
19 total

»
oICEo (
red | 36 APM | 11796 actions | 329:53)
6 Tauren Chieftain
3 Endurance Aura
2 War Stomp
1 Reincarnation
1 Crypt Lord
1 Spiked Carapace
1 Blademaster
1 Mirror Image
» actions
| Assign group hotkey | 227 | |
| Basic commands | 95 | |
| Build / train | 73 | |
| ESC pressed | 1 | |
| Enter build submenu | 25 | |
| Enter hero's abilities submenu | 13 | |
| Give item / drop item | 11 | |
| Remove unit from queue | 2 | |
| Right click | 6494 | |
| Select / deselect | 2074 | |
| Select group hotkey | 2518 | |
| Use ability | 263 | |
11796 total
» units
| Peon | 16 | |
| Grunt | 8 | |
| Demolisher | 5 | |
| Tauren | 9 | |
| Shaman | 8 | |
46 total
» upgrades
| Shaman Training | 2 | |
| Armor | 2 | |
| Burning Oil | 1 | |
| Pulverize | 1 | |
6 total
» buildings
| Altar of Storms | 1 | |
| Orc Burrow | 9 | |
| Barracks | 1 | |
| Voodoo Lounge | 1 | |
| Stronghold | 2 | |
| War Mill | 1 | |
| Fortress | 1 | |
| Spirit Lodge | 1 | |
| Tauren Totem | 2 | |
| Watch Tower | 2 | |
| Great Hall | 4 | |
25 total
» build order
00:06 Altar of Storms
00:21 Orc Burrow
00:36 Barracks
01:36 Orc Burrow
01:51 Voodoo Lounge
03:24 Orc Burrow
03:33 Stronghold
03:33 Stronghold
04:21 War Mill
05:38 Orc Burrow
06:11 Fortress
06:14 Spirit Lodge
08:35 Tauren Totem
08:36 Tauren Totem
08:51 Orc Burrow
12:16 Orc Burrow
12:47 Watch Tower
12:48 Watch Tower
13:27 Great Hall
25:22 Great Hall
27:26 Great Hall
28:14 Great Hall
31:15 Orc Burrow
31:30 Orc Burrow
32:26 Orc Burrow
» items
| Potion of Healing | 1 | |
| Healing Salve | 1 | |
| Orb of Lightning | 1 | |
| Scroll of Speed | 1 | |
4 total
Chat log
(00:44 / Allies) MrFrosty: tt i forgot an enter at the start of my macro
(00:46 / Allies) MisterFrosty: this is gonna be real confusing
(00:57 / Allies) MisterFrosty: press enter then press f5
(01:01 / Allies) MrFrosty: I have discovered the perfect undead army.
(01:02 / Allies) MrFrosty: The first one has a hero, two necromacers, three cript feinds, three gouls, two destroiers, and one obsidian statue.
(01:03 / Allies) MrFrosty: This ary has worked every time i have ben the undead.
(01:15 / Allies) MrFrosty: i chuckle every time i see that
(01:30 / Allies) MrFrosty: im going to put that on my tombstone
(01:38 / Allies) MrFrosty: b/c its the best tihng in my life
(01:51 / Allies) MrsFrosty: ur weird
(01:55 / Allies) MrFrosty: and get my name changed to ben the undead
(02:01 / Allies) MrsFrosty: haha
(02:44 / Allies) MrFrosty: endurance first
(02:44 / Allies) MrFrosty: tc
(02:55 / Allies) MisterFrosty: noobs i c
(03:18 / Allies) MrFrosty: tt tower coming
(03:36 / Allies) MrFrosty: lol
(04:31 / Allies) MrsFrosty: welp
(05:45 / Allies) MrFrosty: tier 2
(05:53 / Allies) MisterFrosty: killer harass
(06:21 / Allies) MrFrosty: are you going mk 2nd this game?
(06:27 / Allies) MrsFrosty: neg
(06:30 / Allies) MrFrosty: o
(06:53 / Allies) MrFrosty: lol
(07:10 / Allies) MrFrosty: and day time
(07:53 / Allies) MrFrosty: sh raiders
(08:04 / Allies) MrFrosty: good thing hes embarrassingly bad or thats annoying
(08:11 / Allies) MrFrosty: lollllllllll terrible stomp
(08:52 / Allies) MrsFrosty: god
(08:56 / Allies) MrsFrosty: every fucking game
(08:57 / Allies) MisterFrosty: lets get the bot one
(08:58 / Allies) MrsFrosty: u deny me my lvl up
(09:02 / Allies) MrsFrosty: i hate u
(09:04 / Allies) MisterFrosty: hahaha sorry
(09:19 / Allies) MrsFrosty: go harass
(09:22 / Allies) MrsFrosty: leave me alone
(09:24 / Allies) MrFrosty: expo
(10:32 / Allies) MisterFrosty: demo
(13:44 / All) oICEo: td?
(14:08 / Allies) MrsFrosty: ud in middle
(14:14 / Allies) MrsFrosty: maybe middle gold mines
(14:59 / All) oICEo: hi
(15:46 / Allies) MrFrosty: 5dk ugh
(15:52 / Allies) MrsFrosty: ueah
(16:34 / Allies) MrsFrosty: god
(17:39 / Allies) MrFrosty: cool purge
(18:07 / Allies) MrFrosty: 6 tc what
(18:09 / Allies) MisterFrosty: level 6 tc is pretty cool
(18:18 / Allies) MrFrosty: good thing its stomp but still what
(20:59 / Allies) MrFrosty: the toher 2 are over here
(25:34 / Allies) MrsFrosty: aya
(25:38 / Allies) MrFrosty: fuck off i hit staff
(29:55 / Allies) MrsFrosty: scan
(31:20 / Allies) MisterFrosty: I just pinged that
(34:15 / Allies) MrsFrosty: fuck off
(34:46 / Allies) MrFrosty: ugh
(36:20 / Allies) MisterFrosty: yep they're just gonna camp their expos I guess
(36:36 / Allies) MisterFrosty: frosty share so I can scan
(37:27 / Allies) MrFrosty: good thing your terrible silence dindt matter!
(37:45 / Allies) MrsFrosty: yepo
(37:49 / Allies) MrsFrosty: what item did u get
(37:54 / Allies) MrFrosty: from big camp
(37:55 / Allies) MrFrosty: crown
(37:57 / Allies) MrsFrosty: nice
(38:05 / Allies) MrFrosty: will be better once my mk isnt sucky
(38:14 / Allies) MrFrosty: then ill give him medallion too
(38:26 / Allies) MrFrosty: yeah need a bit more gold 1st
(38:44 / Allies) MrFrosty: ud leaving somwhere
(39:06 / Allies) MrFrosty: nice
(40:22 / Allies) MrFrosty: oh the dk has a blink dagger
(40:23 / Allies) MrFrosty: ugh
(40:28 / Allies) MrFrosty: should have been ours
(41:11 / Allies) MrFrosty: haha
(41:27 / Allies) MrFrosty: gob
(41:30 / Allies) MrFrosty: may as well take it out
(41:34 / Allies) MrFrosty: he prob wont cancel
(41:58 / Allies) MisterFrosty: gay
(42:44 / Allies) MrFrosty: lolllll
(42:49 / All) MrsFrosty: pro
(42:50 / Allies) MrFrosty: talk about owned
(42:52 / Allies) MrFrosty: reds tc down
(42:55 / All) oICEo: tird
(43:11 / Allies) MrFrosty: glad we got rid of that faggot
(43:21 / Allies) MrsFrosty: i didnt even see him
(43:26 / Allies) MrFrosty: dj
(43:27 / Allies) MrFrosty: gj
(43:34 / Allies) MrFrosty: pity we didnt get the expo
(43:35 / Allies) MrFrosty: exp
(45:30 / Allies) MisterFrosty: I need goldfor bats
(46:05 / Allies) MrFrosty: UGH
(46:06 / Allies) MrFrosty: a peon
(46:17 / Allies) MrFrosty: now a hall
(46:25 / Allies) MrFrosty: def. cant let them keep that on
(46:39 / Allies) MrsFrosty: k
(46:40 / Allies) MisterFrosty: why do I have a scroll of tp
(46:46 / Allies) MrsFrosty: i gave
(47:33 / Allies) MrsFrosty: teh
(48:18 / Allies) MrFrosty: get peasants ont he left mine first imo
(48:21 / Allies) MrFrosty: it has more gold
(48:48 / Allies) MisterFrosty: frosty that bot mine is so pro
(48:55 / Allies) MisterFrosty: pink must be in upkeep
(49:04 / Allies) MrFrosty: its only low if he is
(49:07 / Allies) MrsFrosty: ownage
(50:11 / Allies) MisterFrosty: peon colony
(50:24 / Allies) MrsFrosty: idiot colony
(50:39 / Allies) MisterFrosty: I had time
(50:44 / Allies) MisterFrosty: now I'm stuck
(50:54 / Allies) MrsFrosty: no u didnt
(50:56 / Allies) MrsFrosty: they had hex u moron
(50:59 / Allies) MrFrosty: ps ward
(51:23 / Allies) MrsFrosty: this is such ownage
(51:35 / Allies) MrFrosty: applying my strategy to THEIR base
(51:41 / Allies) MrsFrosty: aye
(51:58 / Allies) MrFrosty: luv reveal
(52:02 / Allies) MrFrosty: luv
(52:29 / Allies) MrFrosty: tt i think they are nearby
(52:31 / Allies) MrsFrosty: t towards that imo
(52:42 / Allies) MrFrosty: ugh
(54:08 / Allies) MrFrosty: christ my shift key keeps sticking
(54:11 / Allies) MrsFrosty: twas wprtj ot
(54:40 / Allies) MrFrosty: it wont be the ud who shows up 1st so fight a lil imo
(55:31 / Allies) MrsFrosty: TT
(55:34 / Allies) MisterFrosty: pink is sending demos top with peons
(55:46 / Allies) MrFrosty: not a good time for the am!!!
(56:23 / All) MrsFrosty: cut thru and go around
(56:40 / Allies) MrFrosty: ugh
(56:44 / Allies) MrFrosty: cancel that shit for sure
(56:51 / Allies) MrFrosty: ugh again
(56:59 / Allies) MrsFrosty: kill reds shit im fine
(57:18 / Allies) MrFrosty: yep pinged that already
(58:42 / Allies) MrsFrosty: christ
(59:42 / All) MrsFrosty: demos were good
(60:05 / Allies) MrFrosty: hes still got a ward there nub
(61:46 / Allies) MisterFrosty: afk 2 pee
(62:06 / Allies) MrsFrosty: ?
(62:58 / Allies) MrsFrosty: christ
(63:01 / Allies) MrsFrosty: raiders are so gay
(63:11 / Allies) MrsFrosty: fuckikng
(63:14 / Allies) MrsFrosty: 109 exp
(63:37 / Allies) MrFrosty: ps this is pretty much unacceptable
(63:42 / Allies) MrFrosty: they cant take the 2 mind mines
(63:52 / Allies) MrsFrosty: tower to that one gob
(64:25 / Allies) MrFrosty: wow i hit staff before pink came into range
(64:30 / Allies) MrFrosty: thanks for the quick reaction
(64:45 / Allies) MrFrosty: cant leave base against this shit
(65:05 / Allies) MrsFrosty: bat that...
(65:16 / Allies) MrFrosty: is gob afk?
(65:18 / Allies) MisterFrosty: no
(65:20 / Allies) MisterFrosty: I'm back
(65:21 / Allies) MrFrosty: alrite
(65:39 / Allies) MrFrosty: hes got an aco hiding somewhere fyi
(65:51 / Allies) MrFrosty: oh
(65:55 / Allies) MrFrosty: lol unsummon your tier 3 shit
(65:56 / Allies) MrFrosty: genius
(66:04 / Allies) MrFrosty: lets tech all the way abck up
(66:17 / Allies) MrsFrosty: FIGHT
(66:35 / Allies) MrsFrosty: god u coulda had da docs
(66:47 / Allies) MrFrosty: ps not so huge clusters
(66:53 / Allies) MrFrosty: wyrms are real effective against that shit
(66:58 / Allies) MrsFrosty: firebird
(67:01 / Allies) MrsFrosty: is a pretty sweet song fyi
(67:01 / Allies) MrFrosty: wooot
(68:42 / Allies) MrFrosty: keep an eye on that
(69:00 / Allies) MrsFrosty: we can perch now fyi
(69:05 / Allies) MrFrosty: oh woot right
(69:28 / All) MrFrosty: I have discovered the perfect undead army.
(69:29 / Allies) MrFrosty: The first one has a hero, two necromacers, three cript feinds, three gouls, two destroiers, and one obsidian statue.
(69:30 / Allies) MrFrosty: This ary has worked every time i have ben the undead.
(69:32 / Allies) MrFrosty: oh
(69:34 / Allies) MisterFrosty: gotta hold down shift
(69:35 / Allies) MrFrosty: oh no
(69:41 / All) MrFrosty: I have discovered the perfect undead army.
(69:42 / All) MrFrosty: You have two armys.
(69:42 / All) MrFrosty: The first one has a hero, two necromacers, three cript feinds, three gouls, two destroiers, and one obsidian statue.
(69:43 / All) MrFrosty: This ary has worked every time i have ben the undead.
(69:53 / Allies) MisterFrosty: they don't have any wyrms anymore
(70:03 / Allies) MrFrosty: are u sure?????
(70:03 / Allies) MisterFrosty: gold plz
(70:07 / Allies) MisterFrosty: I batted two
(70:10 / Allies) MisterFrosty: and they unsummoned
(70:12 / Allies) MrFrosty: o cool
(70:22 / Allies) MrFrosty: ps try to expo in here if u can
(70:48 / Allies) MisterFrosty: I got enough room
(70:49 / Allies) MrFrosty: thats fine
(70:51 / All) oICEo: so?
(71:42 / All) oICEo: maybe u play one game for long time
(71:51 / All) oICEo: its broing
(71:59 / All) MrFrosty: im broing with u
(72:00 / All) MrFrosty: we bros
(72:32 / All) oICEo: one hour
(72:42 / All) oICEo: this is not good game
(72:45 / All) MrsFrosty: gg
(72:48 / All) MisterFrosty: glorious isn't it
(72:51 / All) MisterFrosty: so many towers
(72:55 / All) oICEo: u so lucky
(73:01 / All) MrsFrosty: i wish i could do this forever....
(73:05 / All) MrFrosty: lucky our opponents are so bad
(73:10 / All) MrsFrosty: infinity hour
(73:21 / All) oICEo: i know u guys is bed
(73:31 / All) MrsFrosty: no skil
(73:49 / Allies) MisterFrosty: hehehe
(73:52 / Allies) MisterFrosty: no wood for him
(74:06 / Allies) MrFrosty: stacking fyre orbz for damage
(74:28 / Allies) MisterFrosty: oh
(74:36 / Allies) MisterFrosty: oh shit
(74:39 / Allies) MisterFrosty: lich has d/d now
(74:44 / Allies) MrFrosty: uh oh
(74:47 / Allies) MisterFrosty: also teching wat
(75:02 / All) oICEo: hreo die many times
(75:07 / All) MrsFrosty: aye
(75:13 / All) MisterFrosty: its not a good idea to tech without any acos
(76:23 / Allies) MrFrosty: ugh
(76:24 / Allies) MrFrosty: ugh
(76:29 / Allies) MrFrosty: 2 late
(76:33 / Allies) MrsFrosty: aye
(76:35 / Allies) MrsFrosty: i had to tav revive
(76:39 / Allies) MrFrosty: tt
(76:50 / Allies) MrFrosty: ps
(76:59 / Allies) MrFrosty: o lol
(77:02 / Allies) MrFrosty: no food for acos???
(77:05 / Allies) MisterFrosty: I killed his acos
(77:08 / Allies) MisterFrosty: yeah prob
(77:08 / Allies) MrFrosty: yeah def. not
(77:14 / Allies) MrFrosty: 20 food and like 40 of army
(77:39 / All) oICEo: many tp
(77:48 / All) MrFrosty: so many kodo
(77:50 / All) MrsFrosty: many losses
(78:08 / Allies) MrFrosty: 660-660 in team
(78:09 / Allies) MrFrosty: lol
(78:12 / Allies) MrsFrosty: haha
(78:20 / Allies) MisterFrosty: these guys?
(78:26 / Allies) MrsFrosty: send balde
(78:27 / Allies) MrFrosty: no ud in rt
(78:34 / Allies) MisterFrosty: for?
(78:41 / Allies) MrsFrosty: mass tp workers
(79:13 / Allies) MrFrosty: yeah
(79:43 / All) MisterFrosty: it is okay
(79:45 / All) MisterFrosty: you may leave
(79:56 / Allies) MrFrosty: tt
(80:02 / All) oICEo: haha
(80:25 / All) oICEo: thanks u leave
(80:29 / All) MrsFrosty: thanks
(80:30 / All) MisterFrosty: why would we leave
(80:31 / All) MisterFrosty: we won
(80:40 / All) oICEo: u lose
(80:40 / Allies) MrFrosty: we may actually have to perch
(80:44 / Allies) MrFrosty: eventually
(80:52 / Allies) MrsFrosty: isk
(80:53 / All) oICEo: if play again
(80:54 / Allies) MrsFrosty: mYVW
(80:57 / Allies) MrsFrosty: UGH
(81:01 / Allies) MrsFrosty: maybe
(81:04 / All) MrFrosty: good thing we're still playing the first game them
(81:29 / Allies) MrFrosty: luv arcanes
(81:38 / Allies) MrFrosty: how can immobile units scout so well??
(81:51 / Allies) MisterFrosty: lets perch
(82:05 / Allies) MisterFrosty: just let it die
(82:11 / Allies) MisterFrosty: that mine only has 2k in it
(83:13 / All) MrFrosty: expand at a mine with 1.3k
(83:15 / All) MrFrosty: then cancel
(83:18 / All) MrFrosty: good job
(83:43 / Allies) MrFrosty: lollllll
(84:16 / Allies) MisterFrosty: how close to charm are we
(84:25 / Allies) MrsFrosty: npot
(84:30 / All) oICEo: u hvae no money- -?
(84:37 / All) MrFrosty: i have 9.9k
(84:39 / All) MrsFrosty: :D
(84:41 / All) MrFrosty: thats pretty much nothing though
(84:44 / All) MisterFrosty: I got 8k
(84:44 / All) oICEo: really
(84:49 / All) MrFrosty: green only has 4k
(84:53 / All) oICEo: so kill us please
(84:53 / All) MisterFrosty: :(
(84:54 / All) MrsFrosty: tt
(85:21 / All) MisterFrosty: we are killing you
(85:23 / All) MisterFrosty: softly
(85:35 / All) oICEo: please hurry
(85:40 / All) MisterFrosty: okay
(85:42 / All) oICEo: can u 5 mins?
(85:44 / All) MisterFrosty: gimme an hour
(85:49 / All) oICEo: or 3 mins?
(85:53 / All) MrsFrosty: sorry my internet 56k can only work so fast
(86:08 / All) oICEo: 56k...
(86:10 / Allies) MisterFrosty: I shot your town hall
(86:19 / Allies) MisterFrosty: but I didn't shoot the tower
(86:28 / All) oICEo: me to
(86:32 / All) oICEo: 56k
(86:42 / All) MrsFrosty: ^__^|
(86:46 / All) MisterFrosty: ';,,,,,,;'
(86:47 / All) MrFrosty: welp that poor lich
(87:10 / Allies) MisterFrosty: haha he really did tech back up
(87:13 / Allies) MrsFrosty: enchanted forest
(87:40 / Allies) MisterFrosty: too late
(87:51 / All) MrFrosty: keep trying for that expo
(87:51 / Allies) MrsFrosty: where are they
(87:52 / All) oICEo: dont come here
(87:54 / All) MrFrosty: ill forget its there some time
(88:24 / All) oICEo: hrhr
(88:32 / All) oICEo: why u go back
(88:32 / All) MrsFrosty: tehe
(88:47 / Allies) MrFrosty: haha
(89:07 / All) MrsFrosty: better luck next time ^_____^
(89:15 / All) oICEo: ya
(89:48 / Allies) MisterFrosty: kunt your peasant
(89:53 / Allies) MisterFrosty: where'd he go
(90:30 / All) MisterFrosty: I got 7k now
(90:43 / All) MisterFrosty: I don't know how to spend it though
(90:45 / Allies) MrFrosty: you said you had 8k before fyi
(90:52 / Allies) MisterFrosty: but kunt told them the truth
(92:31 / Allies) MrFrosty: ill put a harrass hole near that mine
(92:43 / Allies) MrsFrosty: i meant to before but then all those raiders came
(92:57 / Allies) MrFrosty: fuck
(93:23 / Allies) MrFrosty: faggot shit you can do it yourself
(94:40 / Allies) MrFrosty: i dont think a worthless town hall is worth doing that gob
(94:51 / Allies) MisterFrosty: gotta tie up the loose ends
(94:55 / Allies) MisterFrosty: plus we're gonna win anyway
(95:11 / Allies) MrFrosty: theres quite a bit of gold on the ground
(95:28 / Allies) MisterFrosty: we got shitloads in the bank and we can always perch if it's serious
(95:33 / Allies) MrFrosty: great
(95:34 / Allies) MisterFrosty: we should perch anyway
(95:58 / Allies) MrsFrosty: ill go up there for fun ig uess
(96:36 / Allies) MrFrosty: oh
(96:37 / Allies) MrFrosty: woot
(97:04 / Allies) MrFrosty: anyway ill get some hawk tech ready
(97:15 / All) MrsFrosty: nice
(97:29 / Allies) MrFrosty: whyyyyyyyyyyyyyy
(97:30 / All) oICEo: 4k
(97:35 / All) oICEo: midd exp
(97:54 / Allies) MisterFrosty: why what
(98:01 / Allies) MrFrosty: that expo
(98:07 / Allies) MisterFrosty: they hadn't done anything around there for ages
(98:10 / Allies) MrFrosty: there was a ghoul sitting there when you put it done
(99:29 / Allies) MrFrosty: oh come on
(101:09 / Allies) MrsFrosty: gob u should tower it
(101:18 / Allies) MisterFrosty: tower what
(101:27 / Allies) MisterFrosty: okay
(101:38 / Allies) MrsFrosty: i gotta clear then get a hall
(104:52 / Allies) MrFrosty: big wyrm army
(104:56 / Allies) MrsFrosty: tp all workers
(105:00 / Allies) MrFrosty: least it means hes basically not making any gold
(105:02 / Allies) MrsFrosty: and make a mill i guess
(105:04 / Allies) MrsFrosty: attack trees
(105:05 / Allies) MrsFrosty: ettc
(106:05 / Allies) MisterFrosty: laffo
(106:05 / Allies) MrsFrosty: hahahha
(106:13 / Allies) MisterFrosty: had the wrong units selected
(106:29 / Allies) MrFrosty: also get some of your peasants up here for anti wards truesight
(106:42 / Allies) MrFrosty: although i guess docs can hardly reach any part of the perch
(106:45 / Allies) MrsFrosty: k but they cahnt climp
(106:47 / Allies) MrsFrosty: climb
(106:55 / Allies) MrsFrosty: still its nice
(107:11 / Allies) MrFrosty: they can blink dagger one hero up but thats not v. effective
(107:27 / Allies) MisterFrosty: I'm gonna drain this mine anyway
(107:34 / Allies) MisterFrosty: mb not
(108:06 / Allies) MisterFrosty: drop critters on the ground
(108:09 / Allies) MrsFrosty: lich doesnt even have \orb
(108:10 / Allies) MisterFrosty: so you can tp up/down
(108:14 / Allies) MrsFrosty: pheonix
(108:23 / Allies) MisterFrosty: oh yeah
(108:26 / Allies) MrFrosty: FUKC OFF
(108:29 / Allies) MisterFrosty: maybe I will drain that mine after all
(109:16 / Allies) MrFrosty: can i go fucking anywhere without running into that orc
(109:23 / Allies) MisterFrosty: nope
(109:35 / Allies) MrsFrosty: invis me
(109:36 / Allies) MrFrosty: ps another 2k gold or so so
(109:37 / Allies) MrsFrosty: tho prob useless
(110:01 / Allies) MisterFrosty: you want gold?
(110:09 / Allies) MrFrosty: yeah about 2k
(110:33 / Allies) MisterFrosty: lil peon
(110:35 / Allies) MisterFrosty: just farmin away
(111:05 / Allies) MrFrosty: what?
(111:20 / Allies) MrFrosty: FUCK OFFFFFFFFFFFFFFFFFFFFFFFFFF
(111:27 / Allies) MrsFrosty: im kinda lolling at that
(111:35 / Allies) MrFrosty: haha you left base well theres an orc there!!!
(113:01 / Allies) MisterFrosty: is that enough towers
(113:02 / Allies) MrFrosty: ok im in upkeep dont give me any gold
(113:07 / Allies) MrFrosty: no
(113:34 / All) MrsFrosty: well that went well huh'
(113:55 / All) jhgfdghjk: 你是在靠杯?
(114:03 / Allies) MrFrosty: mk is finally nearly level 5
(114:21 / All) MrsFrosty: '
(114:22 / Allies) MrsFrosty: ya know
(114:25 / Allies) MrsFrosty: thinkin about this
(114:34 / Allies) MrsFrosty: i dont think ive ever been in a tower game with opponents tri ud heroes
(114:39 / Allies) MrsFrosty: getting 6 cryptlord
(114:42 / Allies) MrsFrosty: will it happen today???
(115:01 / Allies) MrFrosty: ps currently at 14 3/3 hawks
(115:19 / Allies) MisterFrosty: is that enough towers
(115:41 / Allies) MrFrosty: wooooooot pinks tc is 5 now too
(116:31 / Allies) MisterFrosty: check out my spinning peon
(116:39 / Allies) MrFrosty: wow thats crazy
(117:25 / Allies) MrFrosty: these faggots sure have done well considering they are awful
(117:35 / Allies) MisterFrosty: is this enough towers
(117:42 / Allies) MrFrosty: yeah alright w.e
(117:49 / Allies) MrFrosty: ps 24 3/3 hawks
(117:52 / Allies) MrFrosty: 100
(117:52 / Allies) MrFrosty: fuud
(117:56 / Allies) MrsFrosty: want to let them take the ground now
(118:07 / Allies) MrFrosty: i want a bit more exp
(118:45 / Allies) MrFrosty: wow i made it to your base without getting attacked by the orc
(118:51 / Allies) MrFrosty: prob. b/c i tped though!
(119:12 / Allies) MrFrosty: cloud of air
(119:14 / Allies) MisterFrosty: spinnin
(119:32 / Allies) MrFrosty: not all of my hawks want to stay in there
(120:03 / Allies) MisterFrosty: we should prob make it easier for them
(120:17 / Allies) MrsFrosty: y
(120:25 / Allies) MisterFrosty: or we could sit here forever
(120:37 / Allies) MrsFrosty: its called towering
(120:39 / Allies) MrFrosty: i dont really want them to have 10/10/10 unbeatable heroes
(120:53 / Allies) MrsFrosty: them killl ur shit
(121:04 / Allies) MrFrosty: yes ill deny some of it atleast
(121:34 / All) MisterFrosty: sure am glad I got the t3 spikes upgrade
(122:21 / Allies) MrsFrosty: did they lose anything
(122:23 / Allies) MrsFrosty: i cant really tell
(122:26 / Allies) MrFrosty: a wyrm or two
(122:46 / Allies) MisterFrosty: welp
(122:47 / Allies) MisterFrosty: it's 4:!5
(122:49 / Allies) MrsFrosty: gold me for tp on m
(122:55 / Allies) MisterFrosty: I got a class at 8am
(122:57 / Allies) MrsFrosty: urgh
(123:03 / Allies) MrsFrosty: owned
(123:05 / Allies) MrFrosty: i need to keep my gold b/c in high
(124:27 / Allies) MrFrosty: i cant wait until these faggots lose all their air and then just sit on the ground
(124:32 / Allies) MrFrosty: its going to make for an exciting game
(124:36 / Allies) MisterFrosty: that's gonna be gayyy
(124:41 / Allies) MrFrosty: yes
(124:54 / Allies) MrFrosty: mass nuke and disable c o o l
(125:30 / All) MrFrosty: ugh gg, how much gold u guys got left???
(125:43 / All) jhgfdghjk: 5000
(125:48 / Allies) MrsFrosty: ;oes
(125:51 / Allies) MrFrosty: pretty woot if its true
(126:01 / Allies) MrFrosty: and its atleast 3k more than they do
(126:26 / All) MisterFrosty: I only got 1696 left
(126:44 / Allies) MisterFrosty: fuck that mine still has 80 g in it
(126:44 / All) jhgfdghjk: ^^"
(127:11 / Allies) MisterFrosty: if we could charm frosties that would be lol
(128:05 / All) MisterFrosty: how much wood you guys got
(128:06 / Allies) MrFrosty: ps stick around and help me get more exp plz
(128:24 / All) MisterFrosty: I got about 9 inches or so
(129:03 / Allies) MrFrosty: tt
(129:25 / Allies) MrFrosty: 6 cl
(129:36 / All) oICEo: gg
(129:38 / All) MisterFrosty: gg
(129:39 / All) oICEo: u lose
(129:39 / Allies) MrFrosty: welpppppppp
(129:43 / Allies) MrsFrosty: hurrrrr
(129:50 / All) MisterFrosty: I think we win
(129:51 / Allies) MrsFrosty: i really with this internet wasnt so shitty
(130:07 / Allies) MrsFrosty: gimme all money gobs
(130:21 / Allies) MrsFrosty: and dont fucking block me
(131:25 / Allies) MrFrosty: no more cl
(131:38 / All) MrFrosty: that was ur cl
(131:42 / All) MrFrosty: fyi
(131:43 / All) MrFrosty: I have discovered the perfect undead army.
(131:44 / Allies) MrFrosty: The first one has a hero, two necromacers, three cript feinds, three gouls, two destroiers, and one obsidian statue.
(131:48 / All) MisterFrosty: This ary has worked every time i have ben the undead.
(131:51 / All) oICEo: can u leave now ?
(131:57 / All) MrFrosty: ok i guess
(131:58 / All) MisterFrosty: why would we leave when we win
(132:03 / All) MisterFrosty: tell you what
(132:08 / All) MisterFrosty: you paypal me $5 I leave
(132:10 / All) MrFrosty: im leaving, dont worry about what he says
(132:21 / All) oICEo: okay
(132:31 / Allies) MisterFrosty: whats bear_and's email
(132:37 / Allies) MisterFrosty: tyler.kerr@gmail?
(132:39 / Allies) MrFrosty: faggot@faggot
(132:44 / Allies) MrsFrosty: yeah
(132:46 / Allies) MrsFrosty: something like that
(132:54 / All) MisterFrosty: send me paypal tyler.kerr@gmail.com
(133:12 / All) MrsFrosty: that was ur blade
(133:16 / All) MrsFrosty: that was ur tc
(133:22 / Allies) MrFrosty: blade actually died?
(133:25 / Allies) MrsFrosty: uyae
(133:28 / Allies) MrFrosty: woot
(133:32 / Allies) MrFrosty: thought he got away
(133:39 / Allies) MrsFrosty: neg i focused him
(133:43 / Allies) MrFrosty: g, j
(134:06 / All) MrFrosty: that was your lich
(134:07 / All) MrsFrosty: ownd and pwnd
(134:15 / Allies) MrFrosty: hes fallen for that twice
(134:19 / Allies) MrFrosty: sit in aoe, oh dead
(134:23 / All) MrsFrosty: unsummon for lich
(134:27 / All) MrsFrosty: remember to keep zigz!!!!
(134:33 / All) MrsFrosty: too late!!
(134:33 / All) MrFrosty: we've got 5k left
(134:48 / Allies) MrFrosty: heroez makin good progress
(135:02 / Allies) MrFrosty: cl is back
(135:16 / Allies) MrsFrosty: lich reviving
(135:18 / All) MrsFrosty: t5000 gold eh
(135:32 / All) MisterFrosty: we got you guys a present
(135:35 / All) MisterFrosty: it's a surprise
(135:35 / All) MrsFrosty: heroes are so expensive nowadays....suptupid bu$$h
(135:42 / All) MrFrosty: peak heroes
(135:49 / Allies) MisterFrosty: loll
(136:10 / Allies) MrFrosty: i want to banish bolt sum fiendz
(136:17 / Allies) MrsFrosty: when did that apperar
(136:23 / Allies) MisterFrosty: just now
(136:27 / Allies) MisterFrosty: when I scanned
(136:44 / All) MisterFrosty: there's still 80g in the middle mine
(136:54 / All) MisterFrosty: you should long range it
(136:58 / Allies) MrsFrosty: illg et it
(136:59 / Allies) MrFrosty: nooooooooooo
(137:06 / Allies) MrFrosty: fuckkkkkkkkk
(137:14 / Allies) MrFrosty: give tp
(137:27 / Allies) MrFrosty: ugh theres no room up here for another altar
(137:32 / Allies) MrFrosty: or 100 food worth of farms
(137:40 / Allies) MisterFrosty: nope I made towers
(137:42 / Allies) MrFrosty: but i guess i need to anyway!!!
(138:31 / Allies) MrFrosty: ps ive got 3 critters
(138:43 / Allies) MrFrosty: ugh i told that nigger to hold
(138:51 / Allies) MisterFrosty: I got a mini town hall
(139:01 / Allies) MisterFrosty: owned
(139:10 / Allies) MrFrosty: rescue your
(139:13 / Allies) MrFrosty: priest
(139:17 / Allies) MrFrosty: QUICK
(139:23 / All) MisterFrosty: gg
(139:28 / Allies) MrFrosty: i pinged him
(139:31 / All) MrFrosty: ugh, gg
(139:33 / Allies) MrsFrosty: no sound
(139:33 / All) oICEo: zzz
(139:34 / All) MrFrosty: hahah
(139:36 / All) MrFrosty: faggots
(139:54 / All) MisterFrosty: I got some towers hiding all around the map
(139:56 / Allies) MrFrosty: hahahaha your fucked
(139:58 / Allies) MrFrosty: lolllllllllll
(139:58 / Allies) MrsFrosty: gg
(140:07 / Allies) MisterFrosty: can't get down now
(140:11 / Allies) MrFrosty: good thing you went to rescue that priest
(140:14 / Allies) MrFrosty: nub
(140:18 / Allies) MrsFrosty: gn\
(140:25 / Allies) MrsFrosty: dad is awake at 430 wanting internet
(140:28 / Allies) MrFrosty: what
(140:29 / Allies) MrFrosty: NO
(140:31 / Allies) MrFrosty: NO
(140:38 / All) oICEo: 哈哈
(140:38 / Allies) MrsFrosty: pretty sweet huh
(140:39 / All) MrFrosty: ah fuck, our last towers
(140:49 / All) MrFrosty: This ary has worked every time i have ben the undead.
(141:03 / All) MrFrosty: fuck, gg
(141:25 / Allies) MrFrosty: oh dear
(141:43 / Allies) MrFrosty: dnd harrass with a dagger might be annoying
(141:51 / Allies) MrFrosty: but i guess with 3 silence we can outrange it ez
(142:06 / Allies) MisterFrosty: they can't clear trees without siege
(142:16 / Allies) MrFrosty: pretty sure they can build siege
(142:21 / Allies) MrFrosty: but mebe that lil gold
(142:29 / Allies) MisterFrosty: hahaha
(142:33 / Allies) MisterFrosty: nice siege
(142:36 / Allies) MrFrosty: owned
(142:37 / Allies) MrFrosty: owned
(142:49 / All) MrFrosty: we dont have any towers left, i think its a bit late to siege
(142:52 / All) MisterFrosty: still 80g in the middle mine
(142:56 / All) jhgfdghjk: zz
(143:00 / All) MisterFrosty: zz
(143:04 / Allies) MrFrosty: welp
(143:10 / All) MisterFrosty: why did you make this game so boring
(143:24 / Allies) MisterFrosty: god I hate gooks
(143:27 / Allies) MisterFrosty: can't troll em at all
(143:33 / All) jhgfdghjk: my aka pOoisMine
(143:36 / All) jhgfdghjk: remember me
(143:47 / All) MisterFrosty: okay
(143:56 / Allies) MisterFrosty: should we rev the am too
(144:01 / All) MrFrosty: ive written down pooismine in my address book
(144:07 / Allies) MrFrosty: not yet
(144:13 / Allies) MisterFrosty: okay
(144:23 / Allies) MrFrosty: exp can go to more important heroes and gold too if something dies
(144:42 / Allies) MisterFrosty: it will be lol if we have to win this via phoenix summons alone
(145:18 / Allies) MisterFrosty: they're armoring all the wyrms
(145:22 / Allies) MrFrosty: yeah
(145:34 / All) MrFrosty: gg?
(145:38 / Allies) MrFrosty: lollllllll
(145:57 / Allies) MisterFrosty: whats the cast range on charm
(146:03 / All) MrFrosty: ps you might need more bats
(146:05 / Allies) MrFrosty: pretty big
(146:08 / Allies) MrFrosty: 800 atleast
(146:27 / Allies) MisterFrosty: looks like they sold that blink dagger
(146:27 / Allies) MrFrosty: lol
(146:30 / Allies) MrFrosty: ud base is gone
(146:41 / Allies) MisterFrosty: saving altar but not zigs
(146:46 / All) MrFrosty: keep your altar but get rid of ziggs
(146:50 / All) MisterFrosty: if only you really had had 5k
(146:59 / Allies) MisterFrosty: they did have blinx right?
(147:03 / Allies) MrFrosty: yes
(147:11 / All) MisterFrosty: you would still have a blink dagger
(147:15 / All) MisterFrosty: and you could come up here
(147:30 / Allies) MisterFrosty: we need dotts to practice yomping
(147:39 / All) MisterFrosty: This ary has worked every time i have ben the undead.
(147:39 / All) MrFrosty: 2ez nubs
(147:41 / All) MrFrosty: get out
(148:09 / Allies) MrFrosty: dis mk
(148:12 / Allies) MrFrosty: so strong...
(149:12 / Allies) MisterFrosty: hahahaha
(149:15 / Allies) MisterFrosty: serpent wards
(149:22 / All) jhgfdghjk: hmm
(149:25 / All) MrFrosty: level 1 serpent ward is v. good against towers
(150:10 / All) MrFrosty: welp
(150:13 / Allies) MisterFrosty: ded
(150:23 / Allies) MisterFrosty: can you dispel hex?
(150:27 / Allies) MrFrosty: yes
(150:35 / Allies) MisterFrosty: kewl
(150:49 / Allies) MrFrosty: lol
(151:21 / Allies) MisterFrosty: phoenix harass is gonna be good
(151:36 / Allies) MisterFrosty: oh you got level 6
(152:29 / All) MisterFrosty: still 80g in that middle mine
(152:44 / All) MrFrosty: you guys dont seem to know the value of gold
(152:51 / Allies) MisterFrosty: wonder if they're afk
(152:56 / Allies) MisterFrosty: yep
(152:59 / All) oICEo: hi
(153:02 / Allies) MisterFrosty: chillin in the towers
(153:09 / All) MisterFrosty: just go afk in the towers
(153:14 / All) MisterFrosty: we've never seen that before
(153:17 / All) MisterFrosty: we probably can't beat it
(154:01 / Allies) MisterFrosty: they noticed
(154:04 / Allies) MrFrosty: i said stormbolt
(154:20 / Allies) MisterFrosty: hope you don't die
(154:25 / Allies) MrFrosty: me too
(154:28 / Allies) MrFrosty: im watch ud heroes
(154:55 / Allies) MisterFrosty: gonna play with this phoenix
(154:58 / Allies) MisterFrosty: if thats okay
(155:02 / Allies) MrFrosty: go for it
(155:07 / Allies) MisterFrosty: they prob got a lot of wards
(155:52 / Allies) MrFrosty: resummon if its going to die
(156:09 / Allies) MisterFrosty: okay
(156:18 / Allies) MisterFrosty: bladestorm isn't gonna hurt us
(156:23 / All) MisterFrosty: gg
(156:25 / All) MisterFrosty: you win
(156:31 / All) oICEo: okay
(156:40 / All) MrFrosty: actually you dont but w/e
(156:48 / All) MisterFrosty: yeah but it's still a gg
(156:53 / Allies) MrFrosty: this sure will be a long game
(156:54 / All) jhgfdghjk: :)
(157:06 / All) MisterFrosty: ';,,,,,;'
(157:13 / All) jhgfdghjk: where r u from?
(157:20 / All) MisterFrosty: amerikkka
(157:23 / Allies) MrFrosty: pity these heroes cant really be beaten unless they're afk
(157:25 / All) jhgfdghjk: oh
(157:27 / Allies) MisterFrosty: yeah
(157:30 / All) MisterFrosty: you know
(157:35 / All) MisterFrosty: since this is the american server
(157:52 / Allies) MrFrosty: bashed da egg
(158:12 / Allies) MisterFrosty: what happens when the egg drops on impassible terrain
(158:16 / Allies) MrFrosty: dies
(159:15 / Allies) MrFrosty: woot
(159:17 / Allies) MrFrosty: got
(159:18 / Allies) MrFrosty: it
(159:25 / Allies) MisterFrosty: do you get xp for that?
(159:27 / All) jhgfdghjk: we gtg
(159:29 / Allies) MrFrosty: a lil
(159:30 / All) MisterFrosty: okay cool
(159:31 / All) jhgfdghjk: gg :)
(159:32 / All) MrFrosty: oh
(159:34 / All) MrFrosty: thats a shame
(159:43 / All) jhgfdghjk: have a good witm with my base
(159:48 / All) MisterFrosty: like I said
(159:51 / All) MrFrosty: uh oh not this old trick
(159:53 / All) MisterFrosty: we've never encountered this situation
(160:05 / All) MrFrosty: they're afk im going to teleport my heroes in
(160:22 / All) MrFrosty: I have discovered the perfect undead army.
(160:23 / All) MrFrosty: The first one has a hero, two necromacers, three cript feinds, three gouls, two destroiers, and one obsidian statue.
(160:24 / All) MrFrosty: This ary has worked every time i have ben the undead.
(160:27 / Allies) MrFrosty: oops
(161:04 / Allies) MisterFrosty: seems like they really are afk
(161:12 / Allies) MrFrosty: mirror images in the last minute
(161:16 / Allies) MisterFrosty: ic
(161:17 / Allies) MrFrosty: dont count on it
(161:36 / All) MrFrosty: is mirror image auto cast now
(161:39 / Allies) MisterFrosty: no
(161:40 / All) MrFrosty: i dont think you guys are afk
(161:43 / Allies) MisterFrosty: oh
(161:45 / Allies) MisterFrosty: thats allchat
(161:47 / Allies) MrFrosty: jesus you're stupid
(161:51 / Allies) MrFrosty: dumbiner
(161:53 / Allies) MrFrosty: GOD
(161:56 / Allies) MisterFrosty: hey sometimes I don't pay attention
(162:02 / Allies) MisterFrosty: and that sometimes is all the time
(162:41 / Allies) MrFrosty: i think my bobtheundead account may have expired already
(162:47 / Allies) MisterFrosty: bobtheundead
(162:54 / Allies) MrFrosty: ben
(162:55 / Allies) MrFrosty: ben
(162:57 / Allies) MrFrosty: BEN
(162:58 / Allies) MisterFrosty: aye
(163:07 / Allies) MisterFrosty: phoenix takes so long to kill buildings
(163:08 / Allies) MrFrosty: ps its 11pm thats gay i dont really want to sit here all night
(163:10 / Allies) MisterFrosty: he's a pile of SHIT
(163:12 / Allies) MrFrosty: magic
(163:13 / Allies) MrFrosty: damage
(163:43 / Allies) MrFrosty: i really should have grabbed a tp before i came down here ahah
(163:59 / Allies) MisterFrosty: yes
(164:03 / Allies) MrFrosty: ok ultimate afk test
(164:42 / Allies) MrFrosty: looking quite genuine
(164:46 / Allies) MisterFrosty: thats not the ultimate afk test
(164:52 / Allies) MisterFrosty: it is
(165:16 / Allies) MrFrosty: GOD IM SO NERVOUS
(166:00 / Allies) MisterFrosty: man these guys wasted a lot of gold
(167:56 / Allies) MrFrosty: not afk
(168:02 / Allies) MisterFrosty: nope
(168:07 / Allies) MrFrosty: that aco was sitting by the hall doing nothing
(168:22 / Allies) MisterFrosty: afk is relative
(168:45 / Allies) MrFrosty: it must have taken alot of control to not go after my heroes!!!
(169:21 / Allies) MisterFrosty: invis gonna wear off
(169:23 / Allies) MrFrosty: yeah
(169:24 / Allies) MrFrosty: i know
(170:13 / Allies) MrFrosty: nothing!!!
(170:13 / Allies) MisterFrosty: ic
(170:30 / Allies) MrFrosty: draw the lich out plz
(170:37 / Allies) MrFrosty: to here if you can
(171:18 / Allies) MrFrosty: ahhaha fuckkkkkkkk
(171:49 / Allies) MisterFrosty: haha
(172:02 / Allies) MrFrosty: oh come onn fghsfg
(172:19 / Allies) MrFrosty: yeah def, afk
(172:31 / Allies) MisterFrosty: they might come back though
(172:35 / Allies) MrFrosty: yeah
(172:59 / Allies) MrFrosty: haha
(173:11 / All) MisterFrosty: not as afk as led to believe
(173:13 / All) MrFrosty: gtg guys, have fun with my base
(173:15 / All) jhgfdghjk: cute annimal
(173:17 / Allies) MisterFrosty: you got the lich though right
(173:21 / Allies) MrFrosty: nope
(173:23 / Allies) MisterFrosty: u g h
(173:38 / Allies) MrFrosty: he coiled as i went for the kill
(173:41 / Allies) MrFrosty: hold on
(173:45 / Allies) MrFrosty: need him
(173:47 / Allies) MisterFrosty: ic
(174:56 / All) MisterFrosty: if only hero kills won games
(175:01 / Allies) MisterFrosty: man hex is game
(175:03 / Allies) MrFrosty: welp
(175:09 / All) jhgfdghjk: 接下來等誰罪嫌ㄌ
(175:18 / Allies) MrFrosty: i so hit avatar on the mk though
(175:19 / Allies) MrFrosty: ttttttttttt
(175:22 / All) MisterFrosty: its cool we still got some tri heroes
(175:44 / Allies) MrFrosty: ughhhhh the only way i could get heroes back would be suiciding hawks
(175:51 / Allies) MrFrosty: just not enough gold otherwise!!!!
(176:10 / Allies) MisterFrosty: don't do it imo
(176:29 / Allies) MrFrosty: alrite maybe later when they actually are afk!!!
(176:43 / Allies) MisterFrosty: ugh
(176:47 / Allies) MisterFrosty: 5:10
(176:52 / Allies) MisterFrosty: its almost better to not sleep
(176:58 / Allies) MisterFrosty: than to wake up at 6:30
(177:02 / Allies) MrFrosty: ill be messing around with dumb macros ok aim me if needed
(177:04 / Allies) MrFrosty: welppppppppp
(177:09 / Allies) MrFrosty: im already regretting this game
(177:14 / Allies) MisterFrosty: same
(177:17 / Allies) MrFrosty: b/c i have things i would like to be doing!!!!
(177:23 / Allies) MrFrosty: but i would regret just leaving more
(177:30 / All) MisterFrosty: do you guys know what the difference between us is
(178:06 / All) MisterFrosty: if we actually go afk we still win
(180:28 / Allies) MrFrosty: im looking for acsii art to spell out tower but its not pasting properly
(180:34 / Allies) MrFrosty: that would def. be a cool macro!!!
(180:38 / Allies) MisterFrosty: oh I should make ascii art macro
(180:47 / Allies) MisterFrosty: we should be fine both afk
(180:49 / Allies) MisterFrosty: rite??
(181:38 / Allies) MrFrosty: yeah
(181:44 / Allies) MrFrosty: they arent coming up
(181:50 / Allies) MrFrosty: and ill check back in every so often
(185:48 / Allies) MrFrosty: tttt oo oo ww ww ee e rrr r
(186:29 / Allies) MrFrosty: tt
(186:29 / Allies) MrFrosty: tttt oooo ww ww eeeee rr
(186:36 / Allies) MrFrosty: haha thats kind of woot
(186:46 / Allies) MrFrosty: but the letters are all fucked!
(186:52 / Allies) MrFrosty: tttt oooo ww ww eeeee rr
(187:25 / Allies) MisterFrosty: if you spam too much you'll get disced
(187:46 / Allies) MrFrosty: tttt oooo ww ww eeeee rr
(187:49 / Allies) MrFrosty: I have discovered the perfect undead army.
(187:50 / Allies) MrFrosty: The first one has a hero, two necromacers, three cript feinds, three gouls, two destroiers, and one obsidian statue.
(187:51 / Allies) MrFrosty: This ary has worked every time i have ben the undead.
(188:06 / Allies) MrFrosty: do you have to spam ALOT
(188:08 / Allies) MrFrosty: orrrrrrrrr
(188:18 / Allies) MrFrosty: tt
(188:18 / Allies) MrFrosty: tttt oooo ww ww eeeee rr
(188:24 / Allies) MisterFrosty: N U B S N U B S N U B S N U B S N U B S
(188:29 / Allies) MrFrosty: haha
(188:41 / Allies) MisterFrosty: spaces are too short
(191:02 / Allies) MrFrosty: still here
(191:03 / Allies) MrFrosty: oh shit
(191:05 / Allies) MrFrosty: hes got a tiny hall
(191:06 / Allies) MrFrosty: ahaha
(191:16 / Allies) MrFrosty: they could tp up with that
(191:27 / Allies) MrFrosty: oh wow thats a way to perch without needing orc ud or nubelf
(191:35 / Allies) MrFrosty: town hall jumping
(193:47 / Allies) MisterFrosty: should we kill your peasant
(194:04 / Allies) MrFrosty: nope
(194:12 / Allies) MrFrosty: ps did you see the blademasters tiny hall
(194:16 / Allies) MisterFrosty: yes
(194:31 / Allies) MrFrosty: if they somehow find another 2k gold we could be in danger
(194:40 / Allies) MisterFrosty: can you place it on a higher level?
(194:44 / Allies) MrFrosty: no
(194:46 / Allies) MisterFrosty: then
(194:47 / Allies) MisterFrosty: how
(194:48 / Allies) MrFrosty: but you can place it tp to it
(194:50 / Allies) MisterFrosty: is that helpful
(194:54 / Allies) MrFrosty: onto a higher level
(195:00 / Allies) MisterFrosty: so you can place it on a high ledge
(195:02 / Allies) MrFrosty: possibly repeat
(195:09 / Allies) MrFrosty: eg
(195:13 / Allies) MrFrosty: place down here
(195:17 / Allies) MrFrosty: tp place enough hall
(195:20 / All) MrFrosty: tp
(195:26 / All) jhgfdghjk: cool
(195:31 / Allies) MrFrosty: but expensive and shit
(195:41 / Allies) MrFrosty: anyway going back to my cool 2ez drawing
(195:47 / Allies) MrFrosty: this one is cool for sure
(195:50 / Allies) MisterFrosty: do you know the name of the war3 font?
(199:05 / Allies) MisterFrosty: hahaha he's trying to yomp up
(199:06 / Allies) MrFrosty: nop
(199:11 / Allies) MrFrosty: genius
(199:16 / All) MisterFrosty: you need way more units to yomp f y i
(199:24 / All) MisterFrosty: plus it's almost impossible to go up a level
(199:25 / All) MrFrosty: ps your not getting up without alot more gold you stupid faggots
(199:38 / All) jhgfdghjk: @@
(200:02 / All) MisterFrosty: you'd need to surround blade to at least a range of 600
(200:17 / Allies) MisterFrosty: this is a moderately epic gam
(200:18 / All) oICEo: bye
(200:22 / All) MisterFrosty: bye
(200:25 / All) oICEo: i really go out side
(200:29 / All) MisterFrosty: uh huh
(202:47 / All) MisterFrosty: afk for real
(202:52 / All) MisterFrosty: no really this time its serious guys
(202:56 / All) oICEo: i try
(203:09 / All) oICEo: okay bye
(203:43 / All) oICEo: u can scout this 2 mis
(203:46 / All) oICEo: mins
(204:15 / All) oICEo: i watch tv now bye
(207:46 / Allies) MrFrosty: 2::::::2222222:::::2 e::::::::eeeeeeee z::::::::::::::z
(207:54 / Allies) MrFrosty: oh god all thattime
(207:58 / Allies) MrFrosty: and thats the result!!!!
(208:03 / Allies) MrFrosty: THATS NOT WHAT IT LOOKS LIKE
(208:13 / Allies) MisterFrosty: write it out in notepad
(208:16 / Allies) MrFrosty: 2::::::2222222:::::2 e::::::::eeeeeeee z::::::::::::::z
(208:18 / Allies) MisterFrosty: font is verdana
(208:29 / Allies) MrFrosty: ive been doing it in that shitty little box
(208:51 / Allies) MrFrosty: and it was a pain
(208:56 / Allies) MisterFrosty: don't
(209:01 / Allies) MisterFrosty: I wrote mine in notepad
(212:40 / Allies) MrFrosty: fuck that
(212:50 / Allies) MrFrosty: taking far too long to spell out 2ez in massive letters
(214:43 / Allies) MisterFrosty: N U B S N U B S N U B S N U B S N U B S
(214:51 / Allies) MisterFrosty: welp
(214:54 / Allies) MisterFrosty: thats almost write
(214:56 / Allies) MisterFrosty: right
(215:01 / Allies) MisterFrosty: N U B S N U B S N U B S N U B S N U B S
(215:33 / Allies) MisterFrosty: N U B S N U B S N U B S N U B S N U B S
(216:03 / Allies) MisterFrosty: N U B S N U B S N U B S N U B S N U B S
(217:21 / Allies) MrFrosty: oh wow thats the one i was trying to do
(217:23 / Allies) MrFrosty: do it again
(217:25 / Allies) MrFrosty: it was HUGE
(217:47 / Allies) MrFrosty: DO IT AGAIN
(217:48 / Allies) MrFrosty: GOON
(218:24 / Allies) MrFrosty: goon do that really big 2ez again
(218:25 / Allies) MrFrosty: GOON
(221:30 / Allies) MisterFrosty:
(221:35 / Allies) MisterFrosty: N U B S N U B S N U B S N U B S N U B S
(221:46 / Allies) MisterFrosty: its not quite right
(223:16 / Allies) MisterFrosty: what time did this game start
(223:18 / Allies) MisterFrosty: do you know
(224:11 / Allies) MrFrosty: uh prob. 2 1/2 hours ago i think
(231:26 / Allies) MrFrosty: i pasted it from notepad into whats it called
(231:32 / Allies) MrFrosty: and i forgot to change the font!!!!!!!!!!!!
(231:42 / Allies) MrFrosty: im so UGH
(233:40 / All) oICEo: HI
(235:05 / All) oICEo: NO ??
(235:12 / Allies) MrFrosty: haha
(236:29 / Allies) MisterFrosty: what
(236:46 / Allies) MisterFrosty: are you reviving?
(237:01 / Allies) MisterFrosty: I got items you could sell or use
(237:32 / Allies) MrFrosty: i would need more gold to revive
(237:37 / Allies) MrFrosty: and im in upkeep
(237:38 / Allies) MrFrosty: so dont yet
(237:57 / Allies) MisterFrosty: I don't have access to a shop really
(238:01 / Allies) MrFrosty: yeah
(238:21 / Allies) MisterFrosty: are you suiciding?
(238:28 / Allies) MrFrosty: no i guess not
(238:38 / Allies) MrFrosty: it would be better to just kill them myself tbqh
(238:47 / Allies) MisterFrosty: hide them then
(239:02 / Allies) MrFrosty: oh fuck off
(239:13 / Allies) MrFrosty: faggot went and killed all the seals
(239:23 / Allies) MisterFrosty: gay as hell
(239:33 / Allies) MrFrosty: sitting in the corner ok lets run straight to it
(239:40 / Allies) MrFrosty: its 12:12
(239:51 / Allies) MisterFrosty: its 6:13
(239:55 / Allies) MrFrosty: welpppppppp
(240:11 / Allies) MrFrosty: i was planning to jerk off tonite
(240:16 / Allies) MisterFrosty: t.t
(240:18 / Allies) MrFrosty: instead im towering
(240:24 / All) MrFrosty: I have discovered the perfect undead army.
(240:25 / All) MrFrosty: The first one has a hero, two necromacers, three cript feinds, three gouls, two destroiers, and one obsidian statue.
(240:26 / All) MrFrosty: This ary has worked every time i have ben the undead.
(240:52 / Allies) MisterFrosty: bm missing
(241:33 / Allies) MrFrosty: im going to do some stuff but ill be nearby prob.
(242:56 / All) MisterFrosty: nope
(243:00 / All) MisterFrosty: you don't get any xp
(244:52 / Allies) MisterFrosty: I wish he hadn't gotten the fort upgrade
(245:50 / All) oICEo: GOGOGO
(249:32 / Allies) MisterFrosty: hahaha
(249:36 / Allies) MrFrosty: god
(249:38 / Allies) MrFrosty: what a faggot
(250:30 / All) oICEo: BYE
(250:33 / All) MisterFrosty: bye
(250:42 / All) MisterFrosty: come back when you got skills
(270:29 / Allies) MisterFrosty: N U B S N U B S N U B S N U B S N U B S
(272:10 / All) oICEo: bye
(276:32 / Allies) MrFrosty: uhg alrite gng
(276:36 / Allies) MisterFrosty: gng
(293:54 / Allies) MrFrosty: how goes it lil goon
(293:59 / Allies) MisterFrosty: I killed the beast
(294:02 / Allies) MrFrosty: i decided to turn off my torrents
(294:04 / Allies) MisterFrosty: and the lich
(294:09 / Allies) MrFrosty: incase i dcs
(294:16 / Allies) MrFrosty: g j
(294:17 / Allies) MisterFrosty: gonna take out the caster hut next
(294:22 / Allies) MrFrosty: so hes prob. quite afk?
(294:23 / Allies) MisterFrosty: then work on the fortress
(294:25 / Allies) MisterFrosty: yes
(294:34 / Allies) MrFrosty: want to just end it then?
(294:47 / Allies) MisterFrosty: yeah I guess
(295:03 / Allies) MisterFrosty: you gonna suicide those?
(295:09 / Allies) MisterFrosty: save at least 2 for clouds
(295:12 / Allies) MrFrosty: pretty much
(295:43 / Allies) MrFrosty: i was going to send in hawks thne the bats
(295:49 / Allies) MisterFrosty: okay
(295:55 / Allies) MrFrosty: you use bats?
(295:57 / Allies) MisterFrosty: sure
(295:59 / Allies) MrFrosty: oh luch???
(296:05 / Allies) MisterFrosty: wat
(296:17 / Allies) MrFrosty: you said you killed him
(296:19 / Allies) MisterFrosty: I did
(296:26 / Allies) MrFrosty: tavern res?
(296:31 / Allies) MrFrosty: no he would need ziggs
(296:33 / Allies) MisterFrosty: he's got full mana
(296:37 / Allies) MisterFrosty: ugh
(296:45 / Allies) MrFrosty: pretty sure you didnt fyi
(296:46 / Allies) MisterFrosty: I guess I didn't
(296:50 / Allies) MrFrosty: the lich is still 0 exp
(297:04 / Allies) MrFrosty: bm i mean
(297:06 / Allies) MisterFrosty: so whats the plan
(297:13 / Allies) MrFrosty: alrite i guess we go for it anyway
(298:03 / Allies) MrFrosty: b tt
(298:27 / Allies) MisterFrosty: not as afk as beliveed
(298:31 / Allies) MrFrosty: nope
(298:35 / Allies) MrFrosty: alrite i can get a hero back
(298:36 / Allies) MisterFrosty: well no hall means reveal
(298:38 / Allies) MrFrosty: gold me
(298:49 / Allies) MrFrosty: and i got quite a few fiends
(298:51 / All) oICEo: = =?
(298:55 / All) MisterFrosty: ^^;;
(299:01 / Allies) MisterFrosty: oh
(299:02 / Allies) MisterFrosty: gay
(299:11 / Allies) MisterFrosty: and he's repairing that tower
(299:28 / Allies) MisterFrosty: I got two bats
(299:53 / Allies) MrFrosty: 11 hawks + 3 for spare clouding
(299:57 / Allies) MisterFrosty: cool
(300:09 / Allies) MrFrosty: ill put a shop here
(300:10 / Allies) MisterFrosty: the bottom left two burrows have dudes in them
(300:13 / Allies) MisterFrosty: where
(300:15 / Allies) MrFrosty: yeah
(300:31 / Allies) MisterFrosty: kunts got some items you oculd sell
(300:33 / Allies) MisterFrosty: or use
(300:35 / Allies) MisterFrosty: book of the dead
(300:41 / Allies) MrFrosty: yeah ill do a lil of both
(300:43 / Allies) MisterFrosty: you want me to use kunt
(300:59 / Allies) MisterFrosty: hahahaha
(301:02 / Allies) MisterFrosty: he did mine that 80g
(301:06 / Allies) MrFrosty: yeah
(301:43 / Allies) MisterFrosty: don't die again
(301:51 / Allies) MrFrosty: tt
(301:52 / Allies) MisterFrosty: build it one up
(301:58 / Allies) MisterFrosty: just clear the trees
(303:18 / Allies) MisterFrosty: we could use tp scroll and mini town hall to get blade down
(303:36 / Allies) MisterFrosty: would that be worth it
(303:37 / Allies) MrFrosty: HMMM
(303:42 / Allies) MisterFrosty: bladestorm is nice
(303:53 / Allies) MrFrosty: i guess we may as well
(304:53 / Allies) MrFrosty: nooo
(304:54 / Allies) MrFrosty: NO
(304:57 / Allies) MrFrosty: dont sell on kunt
(305:02 / Allies) MisterFrosty: oh
(305:03 / Allies) MisterFrosty: sorry
(305:04 / Allies) MrFrosty: cant tkae his gold
(305:31 / Allies) MisterFrosty: welp
(305:34 / Allies) MisterFrosty: 170g down the drain
(305:58 / Allies) MrFrosty: dr is 10 from 6
(306:11 / Allies) MisterFrosty: kill 1 thing with phoenix
(306:12 / Allies) MrFrosty: god we arent going to win a hero fight against those
(306:21 / Allies) MisterFrosty: we will if he's still afk
(306:32 / Allies) MrFrosty: he was jsut using the sh
(307:17 / Allies) MisterFrosty: unholy gives that demo regen
(307:19 / Allies) MisterFrosty: which is so gay
(307:22 / Allies) MrFrosty: yep
(308:01 / Allies) MrFrosty: ok lets get your bm down anyway
(308:29 / Allies) MrFrosty: hall nearby do you think?
(308:33 / Allies) MisterFrosty: no
(308:34 / Allies) MisterFrosty: distant
(308:37 / Allies) MrFrosty: ok
(308:50 / Allies) MrFrosty: each ward kill was giving the dr 2 exp
(308:57 / Allies) MisterFrosty: sweet
(309:01 / Allies) MisterFrosty: phoenix can kill them?
(309:05 / Allies) MrFrosty: nope
(309:19 / Allies) MisterFrosty: 8xp away
(309:30 / Allies) MisterFrosty: I gotta leave for class in 17min
(309:35 / Allies) MrFrosty: o
(309:40 / Allies) MrFrosty: hold on ill tp to the phoenix
(310:20 / Allies) MrFrosty: is where it can go
(310:25 / Allies) MisterFrosty: imo
(310:27 / Allies) MisterFrosty: hide it in trees
(310:32 / Allies) MrFrosty: oops meant to staff him
(310:35 / Allies) MisterFrosty: heh heh heh
(310:41 / Allies) MrFrosty: alrite
(310:49 / Allies) MisterFrosty: no don't its a waste of time
(310:54 / Allies) MrFrosty: alrite
(311:09 / Allies) MrFrosty: def. not afk
(311:30 / Allies) MisterFrosty: silence lasts 24s
(311:33 / Allies) MisterFrosty: thats pretty long
(311:35 / Allies) MisterFrosty: how long onheroes?
(311:37 / Allies) MrFrosty: on units
(311:47 / Allies) MrFrosty: uhhhhhhhhh 10 or so?>??
(312:00 / Allies) MisterFrosty: welp
(312:12 / Allies) MrFrosty: no truesight remember
(312:19 / Allies) MisterFrosty: no more doc?
(312:23 / Allies) MrFrosty: nop
(312:25 / Allies) MisterFrosty: sweet
(312:43 / Allies) MisterFrosty: so whats the plan
(312:48 / Allies) MrFrosty: i dont know!
(312:55 / Allies) MrFrosty: bm can do some good harrass though
(313:02 / Allies) MrFrosty: mirror image ww if in trouble
(313:29 / Allies) MisterFrosty: will that reach aco?
(313:29 / Allies) MrFrosty: charm wont be a real good spell which is kind of ugh
(313:36 / Allies) MrFrosty: nottt sure
(313:42 / Allies) MrFrosty: maybe if you press up as far as you can
(313:53 / Allies) MrFrosty: he will run from it
(313:59 / Allies) MrFrosty: and live unless purged
(314:19 / Allies) MisterFrosty: welp
(314:45 / Allies) MrFrosty: ive got a pro plan for avatar harrass
(315:30 / Allies) MisterFrosty: please don't die
(315:31 / Allies) MisterFrosty: thank
(315:34 / Allies) MrFrosty: not going to
(315:50 / Allies) MisterFrosty: hahaha
(316:30 / Allies) MrFrosty: now my heroes should be safe from spells and my mk can run in and get staffed out whenever
(317:25 / Allies) MrFrosty: haha not what i hoped for!
(317:29 / Allies) MisterFrosty: haha
(317:59 / Allies) MisterFrosty: I can bladestorm again
(318:04 / Allies) MrFrosty: i should get that demo too since if they notice im in here they can chop it
(318:16 / Allies) MrFrosty: avatar is only 1/2 ready
(318:17 / Allies) MisterFrosty: next time you send him in I'll kill it
(319:02 / Allies) MrFrosty: nearly
(319:20 / Allies) MisterFrosty: already done
(319:32 / Allies) MrFrosty: 1.95k hp with avatar
(319:53 / Allies) MrFrosty: god
(320:30 / Allies) MrFrosty: lol i bet that faggot has no idea whats happening there!
(320:35 / Allies) MisterFrosty: haha prob not
(320:44 / Allies) MrFrosty: staffed from where???UGH
(321:32 / Allies) MrFrosty: i would like to kill that lich but im almost certain i would lost atleast 1 hero also
(322:03 / Allies) MisterFrosty: I can bladestorm again
(322:14 / Allies) MrFrosty: go for the upper buildings
(322:42 / Allies) MisterFrosty: that didn't work out as planned
(322:51 / Allies) MrFrosty: im going to start some harrassment anyway
(322:55 / Allies) MrFrosty: from my safety corner
(323:23 / Allies) MisterFrosty: wat
(323:29 / Allies) MrFrosty: i got seen
(323:35 / Allies) MisterFrosty: not really
(324:26 / Allies) MrFrosty: for some reason i thought d n d didnt kill trees
(325:25 / All) oICEo: PLEASE HURRY
(325:29 / All) MisterFrosty: why
(325:31 / Allies) MisterFrosty: ugh
(325:37 / All) oICEo: HAHA
(325:39 / Allies) MisterFrosty: I'm gonna be late
(325:43 / Allies) MisterFrosty: I guess I just won't go
(325:46 / Allies) MrFrosty: go i fyou want
(325:48 / Allies) MisterFrosty: its only the first day of class
(325:59 / Allies) MisterFrosty: its just a pac class
(326:16 / Allies) MrFrosty: welp
(326:58 / Allies) MrFrosty: the great escape
(327:16 / Allies) MrFrosty: i was getting worried there b/c my mk was apparantly a lil too far to staff
(327:24 / Allies) MisterFrosty: when they get revealed we should just run in guns blazin
(327:28 / Allies) MisterFrosty: and wipe them out
(327:31 / Allies) MrFrosty: this is good though its almost over
(327:52 / Allies) MrFrosty: lil avatar mk was tanking hard
(328:04 / All) oICEo: U first time to long?
(328:07 / Allies) MisterFrosty: with 10.5 armor and 1950 hp
(328:08 / Allies) MrFrosty: 6 heroes all higher level than him
(328:23 / Allies) MrFrosty: and level 1 evasion
(328:30 / Allies) MisterFrosty: 1.5
(329:46 / All) MrFrosty: 2ez nubs